 Dungeon Crawl Stone Soup version 0.30-a0-121-gb27577e5d9 (webtiles) character file.

Game seed: 8864572128569680473

316 pascalblue the Chiller (level 6, -2/32 HPs)
             Began as a Deep Elf Ice Elementalist on Sept 14, 2022.
             Was an Initiate of Vehumet.
             Slain by Grinder (9 damage)
             ... on level 4 of the Dungeon.
             The game lasted 00:14:30 (2961 turns).

pascalblue the Chiller (Deep Elf Ice Elementalist)  Turns: 2961, Time: 00:14:31

Health: -2/32      AC:  2    Str:  5    XL:     6   Next: 20%
Magic:  0/15       EV: 12    Int: 22    God:    Vehumet [......]
Gold:   192        SH:  0    Dex: 15    Spells: 3/15 levels left

rFire   + . .      SeeInvis .    n - +0 dagger (holy)
rCold   + . .      Faith    .    (no shield)
rNeg    . . .      Spirit   .    a - +0 robe
rPois   +          Reflect  .    (no helmet)
rElec   +          Harm     .    (no cloak)
rCorr   +          Rampage  .    (no gloves)
Will    .....                    (no boots)
Stlth   ++........               (no amulet)
HPRegen 0.10/turn                (no ring)
MPRegen 0.14/turn                (no ring)

@: resistant
A: no striking features
a: Renounce Religion


You were on level 4 of the Dungeon.
You worshipped Vehumet.
Vehumet was noncommittal.
You visited 1 branch of the dungeon, and saw 4 of its levels.

You collected 192 gold pieces.

Inventory:

Hand Weapons
 i - a +1 dagger
 n - a +0 dagger of holy wrath (weapon)
Missiles
 d - 19 stones
 o - 5 poisoned darts
Armour
 a - a +0 robe (worn)
Magical Staves
 g - a staff of poison
Scrolls
 f - 2 scrolls of teleportation
 h - 2 scrolls of immolation
Potions
 b - 2 potions of mutation
 j - 2 potions of ambrosia {unknown}
 l - 2 potions of flight {unknown}
 m - a potion of haste {unknown}


   Skills:
 - Level 0.1 Fighting
 - Level 2.4 Dodging
 - Level 2.4 Stealth
 + Level 5.0 Spellcasting
 + Level 2.3 Conjurations
 * Level 7.0 Ice Magic


You had 3 spell levels left.
You knew the following spells:

 Your Spells              Type           Power      Damage    Failure   Level
a - Freeze                Ice            100%       1d11      1%          1
b - Frozen Ramparts       Ice            72%        1d11      1%          3
c - Hailstorm             Conj/Ice       26%        3d7       14%         4
d - Ozocubu's Armour      Ice            36%        N/A       1%          3
e - Magic Dart            Conj           60%        1d6       4%          1

Your spell library contained the following spells:

 Spells                   Type           Power      Damage    Failure   Level
 Call Imp                 Summ           5%         N/A       16%         2
 Mephitic Cloud           Conj/Pois/Air  8%         N/A       22%         3


Dungeon Overview and Level Annotations

Branches:
Dungeon (4/15)
 Temple: D:4-7

Altars:
Kikubaaqudgha
Uskayaw
Vehumet

Annotations:
D:4 Grinder


Message History

Aiming: Magic Dart (safe; 4% risk of failure)
Press: ? - help, Shift-Dir - straight line, f/p - Grinder
Aim: Grinder (severely wounded, 100% to hit)
The magic dart hits Grinder.
Grinder is severely wounded.
Grinder hits you but does no damage.
You closely miss Grinder.
Grinder is severely wounded.
Grinder hits you!
You barely miss Grinder.
Grinder is severely wounded.
Grinder barely misses you.
You closely miss Grinder.
Grinder is severely wounded.
Grinder barely misses you.
You hit Grinder but do no damage.
Grinder is severely wounded.
Grinder hits you!
* * * LOW HITPOINT WARNING * * *
You hit Grinder.
Grinder convulses.
Grinder is severely wounded.
Grinder blinks!
Casting: Magic Dart (safe; 4% risk of failure)
Confirm with . or Enter, or press ? or * to list all spells.
Aiming: Magic Dart (safe; 4% risk of failure)
Press: ? - help, Shift-Dir - straight line, f/p - Grinder
Aim: Grinder (severely wounded, 100% to hit)
The magic dart hits Grinder but does no damage.
Grinder is severely wounded.
Casting: Magic Dart (safe; 4% risk of failure)
Confirm with . or Enter, or press ? or * to list all spells.
Aiming: Magic Dart (safe; 4% risk of failure)
Press: ? - help, Shift-Dir - straight line, f/p - Grinder
Aim: Grinder (severely wounded, 100% to hit)
The magic dart hits Grinder.
Grinder is almost dead.
You hit Grinder.
Grinder convulses.
Grinder is almost dead.
Grinder hits you!
You die...

#.. ##......###....##.
...####.......#......##.
#...#.#.................
##.....................
#......#...†............
..###..###..............
#.....)..............
......#5##.....#....>...
#######@###$..####......
#.........###.......
.......#.......##.......
.......##?#.............
................###.....
........................
.....#.............
...................
..............#...


You could see Grinder.

Vanquished Creatures
  A kobold brigand (D:4)
  A scorpion (D:4)
  2 vampire bats (D:3)
  3 adders
  5 dart slugs
  4 orcs (D:3)
  6 ball pythons
  3 bats
  5 bat skeletons (D:3)
  2 bat zombies (D:3)
  2 endoplasms
  2 giant cockroaches (D:2)
  4 goblins
  4 hobgoblins (D:1)
  8 jackals
  3 kobolds
  2 quokkas
  3 frilled lizards
  7 rats
67 creatures vanquished.

Vanquished Creatures (others)
  2 fungi (D:1)
  2 plants (D:1)
4 creatures vanquished.

Grand Total: 71 creatures vanquished

Notes
Turn   | Place    | Note
-------+----------+-------------------------------------------
     0 | D:1      | pascalblue the Deep Elf Ice Elementalist began the quest
                  | for the Orb.
     0 | D:1      | Reached XP level 1. HP: 10/10 MP: 6/6
   120 | D:1      | Reached XP level 2. HP: 2/15 MP: 5/8
   125 | D:1      | Reached skill level 5 in Ice Magic
   767 | D:1      | Found a faded altar of an unknown god.
   887 | D:1      | Reached XP level 3. HP: 19/19 MP: 7/9
  1077 | D:1      | Learned a level 3 spell: Frozen Ramparts
  2000 | D:3      | Reached XP level 4. HP: 18/24 MP: 4/11
  2071 | D:3      | Learned a level 4 spell: Hailstorm
  2073 | D:3      | Found an ancient bone altar of Kikubaaqudgha.
  2080 | D:3      | Reached skill level 6 in Ice Magic
  2117 | D:3      | Reached skill level 1 in Conjurations
  2117 | D:3      | Reached XP level 5. HP: 7/28 MP: 1/13
  2286 | D:3      | Learned a level 3 spell: Ozocubu's Armour
  2569 | D:3      | Found a hide-covered altar of Uskayaw.
  2647 | D:3      | Found a radiant altar of Vehumet.
  2664 | D:3      | Became a worshipper of Vehumet
  2839 | D:4      | Learned a level 1 spell: Magic Dart
  2877 | D:4      | Noticed Grinder
  2915 | D:4      | Reached skill level 5 in Spellcasting
  2915 | D:4      | Reached skill level 7 in Ice Magic
  2915 | D:4      | Reached XP level 6. HP: 23/32 MP: 9/15
  2915 | D:4      | Paralysed by Grinder for 3 turns
  2961 | D:4      | Slain by Grinder

Illustrated notes

Levels and vault maps discovered:
D:1:      giann_bridges, layout_rooms, shapermc_ecumenical_altar_acropolis
D:2:      layout_rooms, grunt_decor_fettered
D:3:      layout_rooms, nicolae_vehumet_altar_sigil,
          mainiacjoe_overflow_catwalk, kennysheep_vampire_church
D:4:      layout_cave_pools, serial_shops, shop, uniq_menkaure, uniq_ijyb,
          uniq_edmund, uniq_grinder

Skill      XL: |  1  2  3  4  5 |
---------------+----------------+-----
Ice Magic      | 5 6 7 |  7.0
Spellcasting   | 4 5 |  5.0
Conjurations   | 1 2 |  2.3
Fighting       | |  0.1
Dodging        | |  2.4
Stealth        | |  2.4

Action                   |  1- 3 |  4- 6 || total
-------------------------+-------+-------++-------
Melee: Dagger            |    12 |    42 ||    54
 Cast: Freeze            |    61 |    32 ||    93
       Frozen Ramparts   |     1 |     8 ||     9
       Magic Dart        |       |    13 ||    13
       Ozocubu's Armour  |       |     1 ||     1
  Use: Scroll            |     4 |     6 ||    10
       Potion            |       |    10 ||    10
Armor: Robe              |    25 |    53 ||    78
Dodge: Dodged            |    81 |   134 ||   215

Table legend: (Time is in decaauts)
 A = Elapsed time spent in this place.
 B = Non-inter-level travel time spent in this place.
 C = Inter-level travel time spent in this place.
 D = Time resting spent in this place.
 E = Time spent auto-exploring this place.
 F = Levels seen in this place.
 G = Mean time per level.
                   A        B        C        D        E       F      G
               +--------+--------+--------+--------+--------+-----+--------+
         Total |   2962 |   2917 |     45 |    748 |   1352 |   4 |  740.5 |
       Dungeon |   2962 |   2917 |     45 |    748 |   1352 |   4 |  740.5 |
               +--------+--------+--------+--------+--------+-----+--------+

Top non-repeatable levels by time:
     D:1: 1412 daAuts
     D:3: 923 daAuts
     D:2: 463 daAuts
     D:4: 162 daAuts
